Unix NetHack Version 5.0.0-0 post-release - last build May  4 2026 22:22:43 (774f63e81ad911689b3a0859ea89b322d5daca8d,branch:main).

Game began 2026-05-05 17:27:49, ended 2026-05-05 19:08:58.

2459783kj, neutral female human Barbarian

          ---------------               -------
          |.............|            #d |SSd..|
          |.............|       ######  |S@...|                -----------
          |.............%########      #-.rS<.|               #..........|
         #.............)|              #|.....|               #|.........|
         #|.............|             ##|.....|               #..........|
         #-------------.-             # --|-|--               #|.........|
         #           #)#              #   # #############     #|.........|
         #           #                #   #          ---.-  ###---------|-
         #        ####                #   ##         |...|#####         #
   ------#     ####                   #    ##        |...|###         ###
   |!!!.-#     #                     ##     #        |...|##          #
   |[...|     ##            ---------#      #        |....##         ##
   |!?..|    -.-----        |.......|#      ##       |...|#         -.---
   ------    |......##      |........#    ---.-######.....#         |...|
             |.....| #######.......>|     |..`.#     -----          |.(.|
             |.....|        ---------     |...|                     |...|
             -------                      |...|                     -----
                                          -----

2459783kj the Pillager     St:18 Dx:17 Co:18 In:7 Wi:8 Ch:6  Neutral
Dlvl:2  $:15 HP:0(54) Pw:13(13) AC:10 Xp:5 T:4497  Fainted  Deaf

Latest messages:
 You can hear again.
 You descend the stairs.
 You faint from lack of food.
 You regain consciousness.
 Drink from the fountain? [yn] (n) y
 An endless stream of snakes pours forth!
 Idefix misses the water moccasin.
 The giant rat misses the water moccasin.
 Idefix bites the water moccasin.
 You miss the water moccasin.
 The water moccasin bites!
 The water moccasin bites!
 The water moccasin's bite was poisoned!
 The poison doesn't seem to affect you.
 The water moccasin bites!
 You return to human form!
 The water moccasin bites!
 Idefix misses the water moccasin.
 The giant rat misses the water moccasin.
 The water moccasin bites!
 The water moccasin's bite was poisoned!
 The poison doesn't seem to affect you.
 The water moccasin bites!
 The water moccasin bites!
 You faint from lack of food.
 The water moccasin bites!
 The water moccasin's bite was poisoned!
 The poison doesn't seem to affect you.
 The water moccasin bites!
 The water moccasin bites!
 The water moccasin bites!
 Idefix misses the water moccasin.
 The water moccasin bites!
 The water moccasin bites!
 The water moccasin bites!
 The water moccasin bites!
 The water moccasin bites!
 Idefix misses the water moccasin.
 The giant rat misses the water moccasin.
 The water moccasin bites!
 The water moccasin bites!
 The water moccasin bites!
 The water moccasin bites!
 The water moccasin bites!
 You die...
 Do you want your possessions identified? [ynq] (y) n
 Do you want to see your attributes? [ynq] (y) n
 Do you want an account of creatures vanquished? [ynaq] (y) n
 Do you want to see your conduct and achievements? [ynq] (y) n
 Do you want to see the dungeon overview? [ynq] (y) n

Inventory:
 Coins    ('$')
  $ - 15 gold pieces

2459783kj the Barbarian's attributes:

Background:
 You were a Pillager, a level 5 female human Barbarian.
 You were neutral, on a mission for Crom
 who was opposed by Mitra (lawful) and Set (chaotic).
 You were right-handed.
 You were in the Dungeons of Doom, on level 2.
 You entered the dungeon 4497 turns ago.
 You had 169 experience points, 151 more were needed to attain level 6.

Basics:
 You had 0 out of 54 hit points.
 You had all 13 energy points (spell power).
 Your armor class was 10.
 Your wallet contained 15 zorkmids.
 Autopickup was off.

Final Characteristics:
 Your strength was 18 (base:18/01, limit:18/100).
 Your dexterity was 17 (limit:18).
 Your constitution was 18 (limit:18).
 Your intelligence was 7 (limit:18).
 Your wisdom was 8 (limit:18).
 Your charisma was 6 (limit:18).

Final Status:
 You were deaf.
 You were fainted due to starvation.
 You were unencumbered.
 You were bare handed.
 You had basic skill with bare handed combat.
 You weren't wearing any armor.

Final Attributes:
 You were devoutly aligned.
 You were poison resistant.
 You were level-drain resistant.
 You aggravated monsters.
 You were a wererat.
 You were harmed by silver.
 You were very unlucky.
 Crom was angry with you.
 You are dead.

Miscellaneous:
 You didn't encounter any bones levels.
 Total elapsed playing time was 1 hour, 20 minutes and 48 seconds.

Major events:
 Turn
    1: 2459783kj the neutral female human Barbarian entered the dungeon
 1192: attained the rank of Pillager (level 3)
 4497: killed by a water moccasin, while fainted from lack of food

You didn't know any spells.

Skills:
 Fighting Skills
   bare handed combat [Basic]
   two weapon combat  [Unskilled]
   riding             [Unskilled]
 Weapon Skills
   dagger             [Unskilled]
   axe                [Basic]
   pick-axe           [Unskilled]
   short sword        [Basic]
   broadsword         [Unskilled]
   long sword         [Unskilled]
   two-handed sword   [Unskilled]
   saber              [Unskilled]
   club               [Unskilled]
   mace               [Unskilled]
   morning star       [Unskilled]
   flail              [Unskilled]
   hammer             [Unskilled]
   quarterstaff       [Unskilled]
   spear              [Unskilled]
   trident            [Unskilled]
   bow                [Unskilled]
 Spellcasting Skills
   attack spells      [Unskilled]
   escape spells      [Unskilled]

Voluntary challenges:
 Character rerolling was not enabled.
 You never genocided any monsters.
 You never polymorphed an object.
 You used no wishes.
Achievements:
 You entered a shop.
 You attained the rank of Pillager.

 The Dungeons of Doom: levels 1 to 3
    Level 1:
    Level 2: <- You were here.
       A general store, a fountain.
       Final resting place for
          you, killed by a water moccasin, while fainted from lack of food.
    Level 3:


Vanquished creatures:
  2 shriekers
  a floating eye
  3 homunculi
  2 giant bats
  2 wererats
  6 iguanas
  2 acid blobs
  2 coyotes
  a hobbit
  a large kobold
  4 hobgoblins
  2 giant rats
  a cave spider
  2 brown molds
  a yellow mold
  a red mold
  2 garter snakes
  2 gnome zombies
  5 geckos
  6 jackals
  a fox
  a kobold
  a goblin
  2 sewer rats
  7 grid bugs
  6 lichens
  4 kobold zombies
  5 newts
75 creatures vanquished.

No species were genocided or became extinct.

Game over:
                       ----------
                      /          \
                     /    REST    \
                    /      IN      \
                   /     PEACE      \
                  /                  \
                  |    2459783kj     |
                  |      15 Au       |
                  |   killed by a    |
                  |  water moccasin  |
                  |                  |
                  |                  |
                  |       2026       |
                 *|     *  *  *      | *
        _________)/\\_//(\/(/\)/\//\/|_)_______

Goodbye 2459783kj the Barbarian...

You died in The Dungeons of Doom on dungeon level 2 with 820 points,
and 15 pieces of gold, after 4497 moves.
You were level 5 with a maximum of 54 hit points when you died.

